 Dungeon Sprint DCSS version 0.15-a0-1788-ga796aff (webtiles) character file.

66794 Deemzul the Wrestler (level 13, -13/146 (148) HPs)
             Began as a Troll Berserker on June 29, 2014.
             Was a High Priest of Trog.
             Mangled by an azure jelly (78 damage)
             ... created by the royal jelly
             ... in the Dungeon (Sprint III: "The Ten Rune Challenge").
             The game lasted 00:18:58 (3387 turns).

Deemzul the Wrestler (Troll Berserker)              Turns: 3387, Time: 00:18:59

HP -13/146 (148) AC 14     Str 30      XL: 13   Next: 65%
MP   4/4         EV 13     Int  4      God: Trog [*****.]
Gold 974         SH  0     Dex 13      Spells:  0 memorised, 12 levels left

rFire  + + .     SeeInvis .       - Unarmed
rCold  x . .     Clarity  .     A - +0 fire dragon armour of Protective Custody {rF++ rC- Slay+5}
rNeg   . . .     rCorr    .     (shield restricted)
rPois  .         rRot     .     (helmet restricted)
rElec  .         Spirit   .     (no cloak)
SustAb .         Warding  .     (gloves unavailable)
rMut   .         NoTele   +     (boots unavailable)
Gourm  +                        (no amulet)
MR     .....                    C - ring of Klemnir {+Inv Int+1}
                                d - +2 ring of strength

@: very slightly contaminated, not resistant to hostile enchantments, extremely
unstealthy
A: unfitting armour, claws 3, fast metabolism 3, gourmand, low mp 1, mutation
resistance 1, regeneration 2, saprovore 2, shaggy fur 1, tough skin 2, placid
magic 1
a: Burn Spellbooks, Berserk, Trog's Hand, Brothers in Arms, Renounce Religion,
Evoke Invisibility
}: 2/10 runes: decaying, serpentine


You were in the Dungeon.
You worshipped Trog.
Trog was extremely pleased with you.
You were not hungry.

You visited 1 branch You collected 3911 gold pieces.
You spent 2937 gold pieces at shops.

Inventory:

Hand weapons
 w - a +0 blowgun
Missiles
 b - 3 tomahawks of returning (quivered)
 x - a needle of frenzy
Armour
 v - a +2 robe of cold resistance
 y - an ice dragon hide
 A - the +0 fire dragon armour of Protective Custody (worn) {rF++ rC- Slay+5}
   (You bought it in a shop in the Dungeon)

   It affects your accuracy and damage with ranged weapons and melee attacks
   (+5).
   It greatly protects you from fire.
   It makes you vulnerable to cold.
Magical devices
 g - a wand of disintegration (6) {unknown}
 u - a wand of random effects (14) {unknown}
Comestibles
 a - 6 meat rations
 n - 6 fruits
 s - 6 bread rations
 z - 3 beef jerkies
 E - a royal jelly
 F - 3 slices of pizza
Scrolls
 k - a scroll of torment
 m - 2 scrolls of remove curse
 r - 2 scrolls of immolation {unknown}
Jewellery
 d - a +2 ring of strength (left claw)
 B - the ring "Cealeirch" {+Fly Int+2 Slay-1}
   (You bought it in a shop in the Dungeon)

   [ring of flight]

   It affects your intelligence (+2).
   It affects your accuracy and damage with ranged weapons and melee attacks
   (-1).
   It lets you fly.
 C - the ring of Klemnir (right claw) {+Inv Int+1}
   (You bought it in a shop in the Dungeon)

   [ring of intelligence]

   It affects your intelligence (+1).
   It lets you turn invisible.
Potions
 e - 4 potions of heal wounds
 f - 3 potions of curing
 i - a potion of invisibility {unknown}
 j - a potion of haste
 l - a potion of restore abilities
 o - 2 potions of cure mutation
 p - 3 potions of flight
 q - 2 potions of magic
 D - a potion of brilliance
 G - a potion of agility
 H - a potion of strong poison
 I - a potion of lignification
Books
 t - a book of Clouds

   Spells                             Type                      Level
   Mephitic Cloud                     Conjuration/Poison/Air       3
   Conjure Flame                      Conjuration/Fire             3
   Poisonous Cloud                    Conjuration/Poison/Air       6
   Freezing Cloud                     Conjuration/Ice/Air          6
   Ring of Flames                     Charms/Fire                  7
   Trog disapproves of the use of such an item.


   Skills:
 + Level 14.4 Fighting
 - Level 2.0 Throwing
 + Level 8.4 Armour
 + Level 12.4 Dodging
 * Level 25.5 Unarmed Combat


You had 12 spell levels left.
You didn't know any spells.

Dungeon Overview and Level Annotations

Branches:
Dungeon (1/1)

Altars:
Cheibriados
Dithmenos
Elyvilon
Fedhas
Gozag
Kikubaaqudgha
Makhleb
Nemelex Xobeh
Okawaru
Qazlal
Sif Muna
Trog
Vehumet
Xom
Yredelemnul
Zin
The Shining One
Jiyva
Lugonu

Shops:
D !(:%=[

Annotations:
D Royal Jelly


Innate Abilities, Weirdness & Mutations

You are too large for most types of armour.
You have claws for hands.
Your metabolism is lightning-fast.
You like to eat raw meat.
You heal very quickly.
You can eat rotten meat.
You are covered in fur (AC +1).
You have very tough skin (AC +2).
Your magical capacity is low (-10% MP).
You are somewhat resistant to further mutation.
Your spells are a little easier to cast, but a little less powerful.


Message History

The door mysteriously vanishes.
There is an open door here.
You feel the effects of Trog's Hand fading.
Use which ability? (? or * to list)
Your deep troll goes berserk!
You feel somewhat more hungry.
Your deep troll bites the death ooze!
Your deep troll barely misses the death ooze.
Your deep troll claws the death ooze!!
You eviscerate the death ooze!!!
You destroy the death ooze!
That felt strangely unrewarding.
Your deep troll rages.
Your skin stops crawling.
You feel less resistant to hostile enchantments.
Your deep troll rages.
The azure jelly hits you. The azure jelly freezes you!!!!
You feel a terrible chill!
Ouch! That really hurt!
You die...

▓.................#__
▓▓▓▓▓▓▓▓▓▓▓▓▓▓▓▓▓▓▓▓▓
▓...+≈≈≈≈§≈≈≈≈♣♣....
▓..P#≈≈≈§§§§≈≈♣♣.≈≈≈
▓.PP#≈≈.§§§§§≈)'....
▓..P#≈≈≈§§§§§≈♣♣♣♣♣♣
▓...#≈≈≈≈≈.≈≈≈♣
▓##'####'#######♣
▓.)@.T....).....♣♣
▓#J#############'♣
▓...#≈P......).).♣
▓...+≈≈...########♣♣
▓...#≈≈≈.........PP♣
▓...#≈≈≈≈P..PP....P♣
#.#############'####
##.###### #.....
##.#.JJ### #..)..


You could see an azure jelly and a friendly deep troll (berserk).

Vanquished Creatures
  Rupert (D)
  5 azure jellies (D)
  A greater naga (D)
  Maud (D)
  Gastronok (D)
  2 dire elephants (D)
  A death ooze (D)
  2 ice dragons (D)
  A naga warrior (D)
  3 anacondas (D)
  A hydra (D)
  Erica (D)
  A centaur warrior (D)
  4 death yaks (D)
  4 orc high priests (D)
  2 deep elf knights (D)
  A spriggan druid (D)
  A death drake (D)
  A lindwurm (D)
  2 deep elf summoners (D)
  An unseen horror (D)
  An orc sorcerer (D)
  A deep elf conjurer (D)
  A guardian serpent (D)
  2 elephants (D)
  8 black mambas (D)
  2 spiny frogs (D)
  A komodo dragon (D)
  A deep elf priest (D)
  A fire drake (D)
  2 wandering mushrooms (D)
  8 blink frogs (D)
  3 redbacks (D)
  A shadow (D)
  2 spriggans (D)
  A hydra simulacrum (D)
  A spatial vortex (D)
  2 nagas (D)
  5 water moccasins (D)
  A swamp drake (D)
  2 orc warriors (D)
  A fire dragon simulacrum (D)
  A necrophage (D)
  A black mamba simulacrum (D)
  2 centaurs (D)
  An earth elemental (D)
  2 brain worms (D)
  A water elemental (D)
  A scorpion (D)
  A killer bee (D)
  An electric eel (D)
  A jelly (D)
  An orc priest (D)
  A necromancer (D)
  2 orc wizards (D)
  A wizard (D)
  2 polar bear simulacra (D)
  3 humans (D)
  Jessica (D)
  A kobold demonologist (D)
  An adder (D)
  A giant mite (D)
  2 swamp drake simulacra (D)
  2 oozes (D)
  8 orcs (D)
  A giant spore (D)
  A rat (D)
  2 ballistomycetes (D)
126 creatures vanquished.

Vanquished Creatures (collateral kills)
  An acid blob (D)
  An ice dragon (D)
  2 shining eyes (D)
  2 giant eyeballs (D)
6 creatures vanquished.

Vanquished Creatures (others)
  A draconian scorcher (D)
  A stone giant (D)
  2 hydras (D)
  A deep troll (D)
  An iron troll (D)
  A hill giant (D)
  A black mamba (D)
  2 yaktaurs (D)
  A wandering mushroom (D)
  2 plants (D)
13 creatures vanquished.

Grand Total: 145 creatures vanquished

Notes
Turn   | Place    | Note
--------------------------------------------------------------
     0 | D        | Deemzul, the Troll Berserker, began the quest for the Orb.
     0 | D        | Reached XP level 1. HP: 22/22 MP: 1/1
    16 | D        | Noticed Jessica
    17 | D        | Acquired Trog's second power
    17 | D        | Reached skill level 4 in Unarmed Combat
    17 | D        | Reached XP level 2. HP: 26/31 MP: 1/1
    26 | D        | Killed Jessica
    26 | D        | Reached skill level 6 in Unarmed Combat
    61 | D        | Reached skill level 7 in Unarmed Combat
    61 | D        | Reached XP level 3. HP: 37/37 MP: 2/2
    65 | D        | Noticed a scorpion
    72 | D        | Killed a scorpion
    72 | D        | Reached skill level 9 in Unarmed Combat
    72 | D        | Reached XP level 4. HP: 31/45 MP: 2/2
   114 | D        | Noticed a water elemental
   118 | D        | Killed a water elemental
   118 | D        | Reached skill level 10 in Unarmed Combat
   118 | D        | Reached XP level 5. HP: 30/53 MP: 2/2
   121 | D        | Found a glowing silver altar of Zin.
   278 | D        | Noticed a deep elf priest
   278 | D        | Found a glowing golden altar of the Shining One.
   278 | D        | Found a white marble altar of Elyvilon.
   280 | D        | Killed a deep elf priest
   280 | D        | Reached skill level 13 in Unarmed Combat
   280 | D        | Reached XP level 6. HP: 61/61 MP: 3/3
   285 | D        | Found an iron altar of Okawaru.
   286 | D        | Found a bloodstained altar of Trog.
   286 | D        | Noticed a human
   286 | D        | Noticed a human
   293 | D        | Killed a human
   293 | D        | Reached skill level 14 in Unarmed Combat
   293 | D        | Reached XP level 7. HP: 35/67 MP: 3/3
   297 | D        | Killed a human
   297 | D        | Reached skill level 15 in Unarmed Combat
   309 | D        | Acquired Trog's third power
   333 | D        | Found a radiant altar of Vehumet.
   334 | D        | Found a deep blue altar of Sif Muna.
   334 | D        | Found an ancient bone altar of Kikubaaqudgha.
   334 | D        | Noticed a wizard
   336 | D        | Killed a wizard
   366 | D        | Found a basalt altar of Yredelemnul.
   366 | D        | Found a snail-covered altar of Cheibriados.
   366 | D        | Found a blossoming altar of Fedhas.
   366 | D        | Noticed a necrophage
   366 | D        | Noticed a necromancer
   369 | D        | Killed a necrophage
   372 | D        | Killed a necromancer
   380 | D        | Noticed a jelly
   381 | D        | Noticed a shadow
   383 | D        | Killed a shadow
   383 | D        | Reached skill level 16 in Unarmed Combat
   386 | D        | Killed a jelly
   386 | D        | Reached XP level 8. HP: 69/75 MP: 3/3
   390 | D        | Found a stormy altar of Qazlal.
   391 | D        | Found a burning altar of Makhleb.
   391 | D        | Found a viscous altar of Jiyva.
   391 | D        | Found a shimmering altar of Xom.
   391 | D        | Found a shadowy altar of Dithmenos.
   391 | D        | Found a sparkling altar of Nemelex Xobeh.
   391 | D        | Found a corrupted altar of Lugonu.
   391 | D        | Found an opulent altar of Gozag.
   391 | D        | Noticed a spatial vortex
   401 | D        | Killed a spatial vortex
   418 | D        | Noticed Erica
   431 | D        | Killed Erica
   431 | D        | Reached skill level 5 in Fighting
   431 | D        | Reached skill level 17 in Unarmed Combat
   473 | D        | Noticed an orc warrior
   473 | D        | Noticed an orc wizard
   473 | D        | Noticed an orc high priest
   473 | D        | Noticed an orc warrior
   482 | D        | Noticed an orc high priest
   483 | D        | Noticed an orc high priest
   486 | D        | Noticed a red devil
   486 | D        | Noticed a sixfirhy
   488 | D        | Gained mutation: Your spells are a little easier to cast, but a little less powerful. [a neqoxec]
   489 | D        | Killed an orc high priest
   489 | D        | Reached skill level 18 in Unarmed Combat
   489 | D        | Reached XP level 9. HP: 50/92 MP: 4/4
   490 | D        | Killed an orc warrior
   492 | D        | Noticed an orc priest
   492 | D        | Killed an orc warrior
   494 | D        | Killed an orc high priest
   494 | D        | Reached skill level 19 in Unarmed Combat
   517 | D        | Killed an orc wizard
   517 | D        | Received a gift from Trog
   576 | D        | Killed an orc priest
   606 | D        | Killed an orc high priest
   615 | D        | Noticed an orc sorcerer
   619 | D        | Killed a white draconian scorcher
   641 | D        | Noticed an orange demon
   642 | D        | Killed an orc sorcerer
   642 | D        | Received a gift from Trog
   642 | D        | Reached XP level 10. HP: 93/106 MP: 4/4
   666 | D        | Noticed an orc high priest
   673 | D        | Killed an orc high priest
   673 | D        | Reached skill level 20 in Unarmed Combat
   681 | D        | Noticed an orc wizard
   684 | D        | Killed an orc wizard
   684 | D        | Received a gift from Trog
   690 | D        | Found Onnamaom's Food Shoppe.
   732 | D        | Noticed a deep elf summoner
   732 | D        | Noticed a deep elf conjurer
   732 | D        | Noticed a deep elf knight
   732 | D        | Noticed a deep elf knight
   732 | D        | Noticed a deep elf summoner
   740 | D        | Killed a deep elf knight
   740 | D        | Received a gift from Trog
   741 | D        | Killed a deep elf summoner
   746 | D        | Killed a deep elf conjurer
   746 | D        | Reached skill level 5 in Dodging
   749 | D        | Killed a deep elf knight
   753 | D        | Killed a deep elf summoner
   753 | D        | Received a gift from Trog
   753 | D        | Reached skill level 10 in Fighting
   753 | D        | Reached skill level 21 in Unarmed Combat
   764 | D        | Noticed a deep elf demonologist
   765 | D        | Noticed a deep elf conjurer
   784 | D        | Noticed an earth elemental
   789 | D        | Killed an earth elemental
   797 | D        | Noticed a centaur
   797 | D        | Noticed a centaur warrior
   797 | D        | Noticed a centaur
   801 | D        | Killed a centaur
   804 | D        | Killed a centaur
   807 | D        | Killed a centaur warrior
   807 | D        | Reached XP level 11. HP: 69/118 MP: 4/4
   900 | D        | Killed an unseen horror
   988 | D        | Noticed a wandering mushroom
  1009 | D        | Noticed a wandering mushroom
  1010 | D        | Noticed a wandering mushroom
  1015 | D        | Killed a yaktaur
  1021 | D        | Killed a wandering mushroom
  1033 | D        | Killed a four-headed hydra
  1043 | D        | Killed a five-headed hydra
  1115 | D        | Killed a wandering mushroom
  1210 | D        | Killed a wandering mushroom
  1214 | D        | Noticed a spiny frog
  1214 | D        | Noticed a komodo dragon
  1214 | D        | Noticed a spiny frog
  1220 | D        | Killed a spiny frog
  1220 | D        | Received a gift from Trog
  1223 | D        | Killed a spiny frog
  1229 | D        | Killed a komodo dragon
  1256 | D        | Noticed a redback
  1258 | D        | Killed a redback
  1260 | D        | Noticed a brain worm
  1261 | D        | Killed a brain worm
  1264 | D        | Noticed a brain worm
  1268 | D        | Killed a brain worm
  1272 | D        | Received a gift from Trog
  1278 | D        | Noticed a lindwurm
  1280 | D        | Noticed a redback
  1282 | D        | Killed a lindwurm
  1283 | D        | Killed a redback
  1288 | D        | Noticed a redback
  1289 | D        | Killed a redback
  1289 | D        | Reached skill level 22 in Unarmed Combat
  1290 | D        | Noticed Maud
  1299 | D        | Killed Maud
  1379 | D        | Noticed an electric eel
  1383 | D        | Killed an electric eel
  1397 | D        | Noticed a death drake
  1401 | D        | Killed a death drake
  1441 | D        | Found a blossoming altar of Fedhas.
  1441 | D        | Noticed a spriggan
  1441 | D        | Noticed a spriggan druid
  1441 | D        | Noticed a spriggan
  1447 | D        | Killed a spriggan druid
  1447 | D        | Received a gift from Trog
  1448 | D        | Killed a spriggan
  1449 | D        | Killed a spriggan
  1458 | D        | Noticed a killer bee
  1459 | D        | Killed a killer bee
  1504 | D        | Killed a black mamba
  1568 | D        | Noticed an ice dragon
  1572 | D        | Killed an ice dragon
  1625 | D        | Found Jejerghoa's Food Emporium.
  1625 | D        | Found Klaefai's Jewellery Shop.
  1628 | D        | Found Naopejop's Antique Armour Shoppe.
  1628 | D        | Noticed a four-headed hydra
  1630 | D        | Noticed an ice dragon
  1634 | D        | Killed a five-headed hydra
  1644 | D        | Killed an ice dragon
  1661 | D        | Received a gift from Trog
  1667 | D        | Bought a jewelled fire dragon armour for 2080 gold pieces
  1679 | D        | Identified the +0 fire dragon armour of Protective Custody {rF++ rC- Slay+5} (You bought it in a shop in the Dungeon)
  1680 | D        | Bought the ring "Cealeirch" {+Fly Int+2 Slay-1} for 269 gold pieces
  1680 | D        | Bought the ring of Klemnir {+Inv Int+1} for 178 gold pieces
  1682 | D        | Noticed an ice dragon
  1692 | D        | Killed an ice dragon
  1692 | D        | Reached skill level 23 in Unarmed Combat
  1692 | D        | Reached XP level 12. HP: 35/130 MP: 5/5
  1894 | D        | Noticed a five-headed hydra simulacrum
  1899 | D        | Killed a four-headed hydra simulacrum
  1910 | D        | Got a decaying rune of Zot
  1938 | D        | Bought a beef jerky for 15 gold pieces
  1938 | D        | Bought a beef jerky for 15 gold pieces
  1938 | D        | Bought a meat ration for 50 gold pieces
  1938 | D        | Bought a bread ration for 50 gold pieces
  1938 | D        | Bought a bread ration for 50 gold pieces
  1938 | D        | Bought a meat ration for 50 gold pieces
  1938 | D        | Bought a royal jelly for 20 gold pieces
  1938 | D        | Bought a slice of pizza for 15 gold pieces
  1938 | D        | Bought a meat ration for 50 gold pieces
  1938 | D        | Bought a beef jerky for 15 gold pieces
  2019 | D        | Noticed a polar bear simulacrum
  2019 | D        | Noticed a fire dragon simulacrum
  2020 | D        | Noticed a black mamba simulacrum
  2020 | D        | Killed a black mamba simulacrum
  2022 | D        | Killed a fire dragon simulacrum
  2023 | D        | Killed a polar bear simulacrum
  2024 | D        | Noticed a polar bear simulacrum
  2025 | D        | Killed a polar bear simulacrum
  2055 | D        | Gained mutation: Your magical capacity is low (-10% MP). [potion of mutation]
  2055 | D        | Gained mutation: You are somewhat resistant to further mutation. [potion of mutation]
  2101 | D        | Noticed a swamp drake
  2101 | D        | Noticed a fire drake
  2103 | D        | Killed a swamp drake
  2110 | D        | Killed a fire drake
  2282 | D        | Noticed a blink frog
  2282 | D        | Noticed a blink frog
  2283 | D        | Noticed a blink frog
  2283 | D        | Noticed a blink frog
  2284 | D        | Noticed a blink frog
  2287 | D        | Killed a blink frog
  2289 | D        | Killed a blink frog
  2293 | D        | Killed a blink frog
  2293 | D        | Reached skill level 1 in Armour
  2298 | D        | Killed a blink frog
  2305 | D        | Killed a blink frog
  2352 | D        | Noticed Rupert
  2362 | D        | Killed Rupert
  2381 | D        | Noticed an azure jelly
  2381 | D        | Noticed an azure jelly
  2381 | D        | Noticed an azure jelly
  2381 | D        | Noticed an azure jelly
  2386 | D        | Noticed an elephant
  2386 | D        | Noticed an elephant
  2386 | D        | Noticed a dire elephant
  2386 | D        | Noticed a dire elephant
  2386 | D        | Noticed Gastronok
  2399 | D        | Killed a dire elephant
  2399 | D        | Received a gift from Trog
  2399 | D        | Reached skill level 10 in Dodging
  2409 | D        | Killed a dire elephant
  2441 | D        | Killed an elephant
  2446 | D        | Killed an elephant
  2451 | D        | Killed Gastronok
  2515 | D        | Noticed a death yak
  2515 | D        | Noticed a death yak
  2516 | D        | Noticed a blink frog
  2517 | D        | Noticed a death yak
  2518 | D        | Noticed a blink frog
  2519 | D        | Noticed a blink frog
  2520 | D        | Noticed a death yak
  2521 | D        | Killed a death yak
  2524 | D        | Killed a death yak
  2524 | D        | Reached skill level 24 in Unarmed Combat
  2532 | D        | Killed a blink frog
  2534 | D        | Killed a blink frog
  2534 | D        | Received a gift from Trog
  2534 | D        | Reached skill level 5 in Armour
  2538 | D        | Killed a death yak
  2545 | D        | Killed a death yak
  2587 | D        | Killed a blink frog
  2588 | D        | Noticed a black mamba
  2589 | D        | Noticed a black mamba
  2593 | D        | Killed a black mamba
  2596 | D        | Killed a black mamba
  2596 | D        | Reached skill level 1 in Throwing
  2619 | D        | Received a gift from Trog
  2821 | D        | Noticed a water moccasin
  2821 | D        | Noticed a black mamba
  2821 | D        | Noticed a water moccasin
  2821 | D        | Noticed a black mamba
  2824 | D        | Killed a black mamba
  2827 | D        | Killed a black mamba
  2830 | D        | Killed a water moccasin
  2831 | D        | Killed a water moccasin
  2877 | D        | Received a gift from Trog
  2891 | D        | Noticed a black mamba
  2891 | D        | Noticed an anaconda
  2891 | D        | Noticed an anaconda
  2891 | D        | Noticed a black mamba
  2893 | D        | Killed a black mamba
  2893 | D        | Reached XP level 13. HP: 142/142 MP: 4/4
  2896 | D        | Killed an anaconda
  2899 | D        | Killed an anaconda
  2903 | D        | Killed a black mamba
  2903 | D        | Received a gift from Trog
  2950 | D        | Noticed a black mamba
  2950 | D        | Noticed a water moccasin
  2950 | D        | Noticed an anaconda
  2950 | D        | Noticed a water moccasin
  2950 | D        | Noticed a black mamba
  2950 | D        | Noticed a water moccasin
  2952 | D        | Killed a water moccasin
  2953 | D        | Killed a black mamba
  2959 | D        | Killed a water moccasin
  2963 | D        | Killed an anaconda
  2972 | D        | Killed a black mamba
  2973 | D        | Killed a water moccasin
  2975 | D        | Received a gift from Trog
  3016 | D        | Noticed a naga warrior
  3016 | D        | Noticed a naga
  3016 | D        | Noticed a naga
  3017 | D        | Noticed a greater naga
  3029 | D        | Killed a naga
  3031 | D        | Killed a naga
  3031 | D        | Received a gift from Trog
  3037 | D        | Killed a naga warrior
  3038 | D        | Found Jakicape's Distillery.
  3039 | D        | Found Treamnoi's Antique Weapon Emporium.
  3043 | D        | Killed a greater naga
  3053 | D        | Found Toew's Book Shop.
  3093 | D        | Bought a potion of restore abilities for 30 gold pieces
  3093 | D        | Bought a potion of brilliance for 25 gold pieces
  3093 | D        | Bought a potion of agility for 25 gold pieces
  3096 | D        | Noticed a guardian serpent
  3106 | D        | Killed a guardian serpent
  3106 | D        | Reached skill level 25 in Unarmed Combat
  3112 | D        | Got a serpentine rune of Zot
  3191 | D        | Killed an azure jelly
  3193 | D        | Killed an azure jelly
  3193 | D        | Received a gift from Trog
  3195 | D        | Killed an azure jelly
  3200 | D        | Killed an azure jelly
  3311 | D        | Noticed a shining eye
  3311 | D        | Noticed an azure jelly
  3311 | D        | Paralysed by a giant eyeball for 2 turns
  3318 | D        | Killed an azure jelly
  3322 | D        | Killed a shining eye
  3329 | D        | Paralysed by a giant eyeball for 2 turns
  3336 | D        | Paralysed by a giant eyeball for 4 turns
  3343 | D        | Killed a yaktaur
  3354 | D        | Noticed a shining eye
  3354 | D        | Noticed an acid blob
  3357 | D        | Found a viscous altar of Jiyva.
  3359 | D        | Noticed the royal jelly
  3361 | D        | Killed a shining eye
  3363 | D        | Killed an acid blob
  3364 | D        | Paralysed by a giant eyeball for 4 turns
  3367 | D        | Noticed an acid blob
  3367 | D        | Noticed an azure jelly
  3367 | D        | Noticed an acid blob
  3367 | D        | Noticed an azure jelly
  3368 | D        | Noticed an acid blob
  3368 | D        | Noticed an azure jelly
  3368 | D        | Noticed an acid blob
  3387 | D        | Mangled by an azure jelly

Action                   |  1- 3 |  4- 6 |  7- 9 | 10-12 | 13-15 || total
-------------------------+-------+-------+-------+-------+-------++-------
Melee: Unarmed           |    26 |    11 |    66 |   211 |    62 ||   376
Invok: Berserk           |       |     1 |     2 |     5 |     2 ||    10
       Trog's Hand       |       |       |     1 |     3 |     1 ||     5
       Brothers in Arms  |       |       |       |     1 |     5 ||     6
  Use: Potion            |       |       |     1 |     4 |       ||     5
       Scroll            |       |       |       |     5 |     1 ||     6
 Stab: Sleeping          |       |       |       |     1 |       ||     1
